[Event "Team 45 45 League T43"]
[Site "Internet Chess Club"]
[Date "2009.10.31"]
[Round "1"]
[White "The-Capitalist"]
[Black "houseofcook"]
[Result "0-1"]
[WhiteElo "1347"]
[BlackElo "1530"]
[Opening "French: Burn variation"]
[ECO "C11"]
[Time "11:00:19"]
[TimeControl "2700+45"]

1. e4 e6 2. d4 d5 3. Nc3 Nf6 4. Bg5 dxe4 5. Nxe4 Be7 6. Bxf6 Bxf6 7. Nf3 Nd7 8.
Bd3 b6 9. Nxf6+ Nxf6 10. Qe2 O-O 11. O-O-O Bb7 12. h3 a5 13. c4 Qe8 14. b3 a4
15. Bc2 axb3 16. Bxb3 Ne4 17. Qc2 Qe7 18. Qb2 Qa3 19. Qxa3 Rxa3 20. Kb2 Rfa8 21.
Rhf1 c5 22. Nd2 Nxd2 23. Rxd2 cxd4 24. f3 e5 25. Re1 f6 26. c5+ Kh8 27. cxb6
R3a6 28. Rc1 Rxb6 29. Ka1 Rxb3 30. Rb1 Rxb1+ 31. Kxb1 Bd5 32. Rb2 h6 33. Ka1 Rc8
34. Rb5 Bc4 35. Rb2 Bg8 36. a4 Rc1+ 37. Rb1 Rxb1+ 38. Kxb1 d3 39. Kc1 Bc4 40.
Kd2 f5 41. a5 e4 42. fxe4 fxe4 43. Kc3 Ba6 44. Kd2 Kh7 45. g4 Kg6 46. h4 Kf6 47.
Ke3 Ke5 48. g5 hxg5 49. hxg5 Kd5 50. g6 Ke5 51. Kd2 Kd4 52. Ke1 e3 53. Kd1 Kc3
54. Kc1 e2 {White resigns} 0-1

[Event "Team 45 45 League T43"]
[Site "Internet Chess Club"]
[Date "2009.11.03"]
[Round "1"]
[White "slipkid"]
[Black "kjs110"]
[Result "1-0"]
[WhiteElo "1481"]
[BlackElo "1123"]
[Opening "Caro-Kann: Panov-Botvinnik attack"]
[ECO "B13"]
[Time "15:00:08"]
[TimeControl "2700+45"]

1. e4 c6 2. d4 d5 3. exd5 cxd5 4. c4 dxc4 5. Bxc4 Nc6 6. Nf3 e6 7. O-O Nf6 8.
Bg5 Qc7 9. Nc3 Nxd4 10. Qxd4 e5 11. Qxe5+ Qxe5 12. Nxe5 Bd6 13. Nxf7 {Black
resigns} 1-0

[Event "Team 45 45 League T43"]
[Site "Internet Chess Club"]
[Date "2009.11.01"]
[Round "1"]
[White "furrbrain"]
[Black "JimGaming"]
[Result "0-1"]
[WhiteElo "1180"]
[BlackElo "1299"]
[Opening "Sicilian: Smith-Morra gambit"]
[ECO "B21"]
[Time "14:00:38"]
[TimeControl "2700+45"]

1. e4 c5 2. d4 cxd4 3. c3 g6 4. cxd4 d5 5. e5 Bg7 6. Nc3 Nc6 7. Bb5 f6 8. Nf3
Nh6 9. h3 O-O 10. Qb3 e6 11. Be3 Nf5 12. g4 Nxe3 13. fxe3 fxe5 14. O-O e4 15.
Nd2 Qd6 16. Ne2 a6 17. Bxc6 bxc6 18. Rac1 Bd7 19. Qb7 Rfb8 {White resigns} 0-1

[Event "Team 45 45 League T43"]
[Site "Internet Chess Club"]
[Date "2009.10.31"]
[Round "1"]
[White "check-man"]
[Black "abescac"]
[Result "1-0"]
[WhiteElo "1503"]
[BlackElo "1433"]
[Opening "Caro-Kann: exchange variation"]
[ECO "B13"]
[Time "11:00:19"]
[TimeControl "2700+45"]

1. e4 c6 2. d4 d5 3. exd5 cxd5 4. Bd3 Nc6 5. c3 Bg4 6. Qb3 Nf6 7. Bf4 e6 8. Nd2
Bd6 9. Qxb7 Bxf4 10. Qxc6+ Nd7 11. Ngf3 Rb8 12. Rb1 O-O 13. Qa4 Qc7 14. Qc2 Nf6
15. c4 Rfc8 16. c5 Bxf3 17. Nxf3 Qa5+ 18. b4 Rxb4 19. O-O g6 20. Rxb4 Qxb4 21.
Rb1 Qa5 22. Rb5 Qc7 23. g3 Bh6 24. Qb1 Qe7 25. Ne5 Ne8 26. Rb7 Rc7 27. c6 Nd6
28. Nd7 Nxb7 29. cxb7 Rc1+ 30. Qxc1 Qxd7 31. b8=Q+ Kg7 32. Qe5+ Kg8 33. Qxh6
{Black resigns} 1-0

[Event "Team 45 45 League T42"]
[Site "Internet Chess Club"]
[Date "2009.10.29"]
[Round "1"]
[White "BarryNL"]
[Black "juniorVishy"]
[Result "1/2-1/2"]
[WhiteElo "1500"]
[BlackElo "1441"]
[Opening "Réti opening"]
[ECO "A04"]
[Time "16:00:25"]
[TimeControl "2700+45"]

1. Nf3 c6 2. g3 d5 3. d4 Nf6 4. Bg2 Bf5 5. O-O e6 6. Nc3 Nbd7 7. Nh4 Bg6 8. a3
c5 9. e3 Bd6 10. Bd2 a6 11. dxc5 Nxc5 12. b4 Nce4 13. Nxg6 Nxc3 14. Bxc3 hxg6
15. Bxf6 Qxf6 16. Qf3 Qxf3 17. Bxf3 Rc8 18. Rfc1 Ke7 19. Kg2 Rc3 20. e4 d4 21.
e5 Bxe5 22. Bxb7 d3 23. cxd3 Rxd3 24. Rd1 Rhd8 25. Rxd3 Rxd3 26. Bxa6 Rxg3+ 27.
hxg3 Bxa1 28. Bd3 Kd6 29. b5 Kc5 30. a4 Bc3 31. Kf3 Ba5 32. Ke3 Kd5 33. Bc2
{Game drawn by mutual agreement} 1/2-1/2

[Event "Team 45 45 League T43"]
[Site "Internet Chess Club"]
[Date "2009.10.30"]
[Round "1"]
[White "zigzag2002"]
[Black "MCJR"]
[Result "1-0"]
[WhiteElo "1417"]
[BlackElo "1353"]
[Opening "Sicilian defense"]
[ECO "B20"]
[Time "21:00:17"]
[TimeControl "2700+45"]

1. e4 c5 2. Bc4 e6 3. Nf3 d5 4. exd5 exd5 5. Bb5+ Nc6 6. O-O Nf6 7. Re1+ Be7 8.
Ne5 O-O 9. Bxc6 bxc6 10. Nxc6 Qc7 11. Nxe7+ Kh8 12. Nxc8 Raxc8 13. Qf3 Rfe8 14.
Rf1 Re6 15. d3 Rce8 16. Bf4 Qe7 17. Nd2 Nd7 18. Qxd5 Nb6 19. Qf3 h6 20. Ne4 Nd5
21. Bd2 Rg6 22. Rfe1 Qc7 23. c4 Nf6 24. Nxf6 Rxe1+ 25. Rxe1 Rxf6 26. Re8+ Kh7
27. Qe4+ g6 28. Qe5 Qc6 29. Qxf6 Qxf6 30. Bc3 {Black resigns} 1-0

[Event "Team 45 45 League T43"]
[Site "Internet Chess Club"]
[Date "2009.11.03"]
[Round "1"]
[White "Molsen"]
[Black "baseball613"]
[Result "0-1"]
[WhiteElo "1119"]
[BlackElo "1243"]
[Opening "Caro-Kann: exchange variation"]
[ECO "B13"]
[Time "16:30:09"]
[TimeControl "2700+45"]

1. e4 c6 2. d4 d5 3. exd5 cxd5 4. Nf3 Bg4 5. Bb5+ Nc6 6. O-O e6 7. Nc3 Nf6 8.
Bg5 Bd6 9. h3 Bh5 10. a3 O-O 11. Be2 h6 12. Bh4 Re8 13. Nb5 Be7 14. Bg3 Rc8 15.
Be5 Qb6 16. b4 Bxf3 17. Bxf6 Bxe2 18. Qxe2 Bxf6 19. c3 a6 20. Nd6 Nxd4 21. cxd4
Qxd6 22. Qe3 Rc4 23. Rfd1 Qb6 24. Rac1 Rxc1 25. Rxc1 Qxd4 26. Qg3 Qb2 27. Qc7
Re7 28. Qc8+ Kh7 29. Qc2+ Qxc2 30. Rxc2 Be5 31. g3 Rc7 32. Re2 Bd6 33. Re3 Rc1+
34. Kg2 Ra1 35. f4 f6 36. Rxe6 Bf8 37. Re3 b6 38. Rd3 a5 39. Rb3 axb4 40. axb4
b5 41. Kf3 Ra4 42. Ke3 Rxb4 43. Rd3 d4+ 44. Ke4 Rc4 45. Rb3 b4 46. Kd5 Rc3 47.
Rb1 d3 48. Ke4 d2 49. Rd1 Rc2 50. Kd3 Ra2 51. Rxd2 Rxd2+ 52. Kxd2 f5 53. Kc2 g5
54. Kb3 g4 55. hxg4 fxg4 56. f5 Kg7 {White resigns} 0-1

[Event "Team 45 45 League T43"]
[Site "Internet Chess Club"]
[Date "2009.10.31"]
[Round "1"]
[White "Razorbackchess"]
[Black "SidVicious"]
[Result "1/2-1/2"]
[WhiteElo "1781"]
[BlackElo "1800"]
[Opening "QGD: Alapin variation"]
[ECO "D31"]
[Time "21:06:35"]
[TimeControl "2700+45"]

1. d4 d5 2. c4 e6 3. Nc3 b6 4. Nf3 Nf6 5. g3 h6 6. Bg2 Bb7 7. O-O Bd6 8. Re1 a6
9. a3 O-O 10. cxd5 exd5 11. b4 Nbd7 12. Nh4 Re8 13. Nf5 Bf8 14. Qb3 c6 15. Bf4
Re6 16. Bh3 Ne4 17. Nxe4 Rxe4 18. Bd6 Qf6 19. Bxf8 Nxf8 20. f3 Ree8 21. e4 dxe4
22. fxe4 Rad8 23. e5 Qe6 24. Qxe6 Nxe6 25. Nd6 Re7 26. Red1 Ba8 27. Rac1 Rc7 28.
Bg2 g6 29. a4 f6 30. Ne4 Nxd4 31. Nxf6+ Kf7 32. Kf1 Re7 33. Rc4 Rxe5 34. Ng4
Rf5+ 35. Nf2 Ne6 36. Rxd8 Nxd8 37. Be4 Rf6 38. Kg1 h5 39. Nd3 Bb7 40. Ne5+ Kg7
41. Nd7 Re6 42. Nxb6 Nf7 43. Nd7 Nd6 44. Nc5 Re7 45. Rd4 Nxe4 46. Nxe4 Bc8 47.
Nc5 Rf7 48. Rd8 Bh3 49. Rd1 Bc8 50. h4 Kf6 51. Rd6+ Kf5 52. Rxc6 Bb7 53. Nxb7
Rxb7 54. Rxa6 Rxb4 55. Ra8 Kg4 56. Rg8 Kxg3 57. Rxg6+ Kxh4 58. a5 Ra4 59. a6 Ra2
{Game drawn by mutual agreement} 1/2-1/2

[Event "Team 45 45 League T43"]
[Site "Internet Chess Club"]
[Date "2009.10.30"]
[Round "1"]
[White "Helaman"]
[Black "allanchs"]
[Result "1/2-1/2"]
[WhiteElo "1462"]
[BlackElo "1534"]
[Opening "Ruy Lopez: closed defense"]
[ECO "C84"]
[Time "18:06:03"]
[TimeControl "2700+45"]

1. e4 e5 2. Nf3 Nc6 3. Bb5 a6 4. Ba4 Nf6 5. O-O Be7 6. Nc3 b5 7. Bb3 d6 8. d3
O-O 9. h3 Na5 10. Re1 Nxb3 11. axb3 Bb7 12. Be3 Re8 13. Qd2 c5 14. Ne2 Qc7 15.
Ng3 g6 16. Bg5 Rad8 17. Nf1 Kg7 18. Bh6+ Kh8 19. Bg5 Ng8 20. Bxe7 Qxe7 21. Ne3
Nf6 22. Rad1 Qc7 23. c4 Kg8 {Game drawn by mutual agreement} 1/2-1/2

[Event "Team 45 45 League T43"]
[Site "Internet Chess Club"]
[Date "2009.10.31"]
[Round "1"]
[White "ElmerHo"]
[Black "blizzard13"]
[Result "0-1"]
[WhiteElo "1494"]
[BlackElo "1434"]
[Opening "Ruy Lopez: Schliemann defense, Berger variation"]
[ECO "C63"]
[Time "17:00:18"]
[TimeControl "2700+45"]

1. e4 e5 2. Nf3 Nc6 3. Bb5 f5 4. Nc3 fxe4 5. Nxe4 Nf6 6. d3 Qe7 7. Bd2 d5 8.
Bxc6+ bxc6 9. Nxf6+ gxf6 10. Qe2 Qg7 11. O-O-O Bd6 12. h3 a5 13. Qe3 Qf7 14. b3
a4 15. b4 Kd7 16. a3 d4 17. Qe4 Qa2 18. Qf5+ Ke7 {White resigns} 0-1

[Event "Team 45 45 League T43"]
[Site "Internet Chess Club"]
[Date "2009.11.03"]
[Round "1"]
[White "BrandonBee"]
[Black "kingphisch"]
[Result "1-0"]
[WhiteElo "1515"]
[BlackElo "1492"]
[Opening "Caro-Kann: Panov-Botvinnik, Gunderam attack"]
[ECO "B13"]
[Time "15:02:56"]
[TimeControl "2700+45"]

1. e4 c6 2. d4 d5 3. exd5 cxd5 4. c4 Nf6 5. c5 Nc6 6. Bb5 e6 7. Nf3 Be7 8. Ne5
Bd7 9. Nxd7 Nxd7 10. Bxc6 bxc6 11. Bf4 O-O 12. b4 Nf6 13. Nc3 Ne4 14. Nxe4 dxe4
15. Qg4 Qxd4 16. O-O Qxb4 17. Be5 g6 18. Rfe1 f5 19. Qg3 Qxc5 20. Rac1 Qd5 21.
Red1 Qxa2 22. h4 Rad8 23. h5 Kf7 24. hxg6+ hxg6 25. Rxd8 Rxd8 26. Qh3 Qd5 27.
Qh7+ Ke8 28. Qxg6+ Kd7 29. Qg7 Re8 30. Rb1 c5 31. Ra1 Qb7 32. Rd1+ Kc8 33. Qf7
Rd8 34. Qxe6+ Rd7 35. Qxf5 a5 36. Rxd7 Qxd7 37. Qxe4 a4 38. Qa8# {Black
checkmated} 1-0

[Event "Team 45 45 League T42"]
[Site "Internet Chess Club"]
[Date "2009.10.29"]
[Round "1"]
[White "powerchess1"]
[Black "crazyhorses"]
[Result "0-1"]
[WhiteElo "1743"]
[BlackElo "1584"]
[Opening "Queen's pawn, Mason variation"]
[ECO "D00"]
[Time "18:07:11"]
[TimeControl "2700+45"]

1. d4 d5 2. Bf4 Nf6 3. Nd2 c5 4. c3 Qb6 5. Qb3 Nc6 6. e3 c4 7. Qc2 g6 8. Ngf3
Bg7 9. e4 dxe4 10. Nxc4 Qd8 11. Nfe5 O-O 12. Nxc6 bxc6 13. Be2 Bf5 14. Ne3 Nd5
15. Nxf5 Nxf4 16. Qxe4 Nxe2 17. Nxg7 Nxc3 18. bxc3 Kxg7 19. O-O Qd5 20. Rfe1 e6
21. Qe5+ Kg8 22. a4 Rfd8 23. a5 Qc4 24. Qg3 Rab8 25. Reb1 Rb3 26. Rxb3 Qxb3 27.
h3 Rb8 28. c4 Qxg3 29. fxg3 Rb4 30. Rc1 Ra4 31. d5 exd5 32. cxd5 cxd5 33. Rc5 d4
34. Rd5 Ra2 35. Kf1 Kg7 36. Rxd4 Rxa5 37. Rd7 Ra1+ 38. Kf2 a5 39. Ra7 Ra2+ 40.
Kf3 Ra3+ 41. Kf4 Ra2 42. Kf3 a4 43. g4 Ra3+ 44. Kf4 h6 45. h4 Ra2 46. g3 Rf2+
47. Ke3 Ra2 48. Kf4 Ra3 49. Ra6 Ra2 50. Ra7 a3 51. g5 hxg5+ 52. hxg5 Rf2+ 53.
Kg4 a2 54. Ra6 Kf8 55. Ra7 Ke8 56. Kh3 Kd8 57. Kg4 Kc8 58. Kh3 Kb8 59. Ra3 Kc7
60. g4 Kd6 61. Kg3 Rd2 62. Kf3 Rh2 63. Kg3 Rd2 64. Ra8 Kc5 65. Rc8+ Kb4 66. Rb8+
Kc3 67. Ra8 Rd3+ 68. Kf4 Kb2 69. Ke4 Rb3 70. Rd8 a1=Q 71. Rd2+ Ka3 {White
resigns} 0-1

[Event "Team 45 45 League T43"]
[Site "Internet Chess Club"]
[Date "2009.11.01"]
[Round "1"]
[White "smsxman"]
[Black "BotanicalKnight"]
[Result "1-0"]
[WhiteElo "1537"]
[BlackElo "1542"]
[Opening "Caro-Kann: Tartakower (fantasy) variation"]
[ECO "B10"]
[Time "08:03:14"]
[TimeControl "2700+45"]

1. e4 c6 2. f3 d5 3. d4 g6 4. b3 Bg7 5. Bb2 Nh6 6. Bd3 Qb6 7. Ne2 dxe4 8. Bxe4
f5 9. Bd3 Na6 10. c3 O-O 11. Na3 Be6 12. Bc4 Bxc4 13. Nxc4 Qc7 14. Qd2 b5 15.
Na3 e5 16. O-O-O Qa5 17. Kb1 Rad8 18. Qc1 Nc7 19. dxe5 Bxe5 20. Rxd8 Rxd8 21.
Qxh6 b4 22. cxb4 Qa6 {Black resigns} 1-0

[Event "Team 45 45 League T43"]
[Site "Internet Chess Club"]
[Date "2009.10.30"]
[Round "1"]
[White "houseofcook"]
[Black "reverendjim"]
[Result "1-0"]
[WhiteElo "1521"]
[BlackElo "1419"]
[Opening "Caro-Kann: exchange, Rubinstein variation"]
[ECO "B13"]
[Time "13:01:15"]
[TimeControl "2700+45"]

1. e4 c6 2. d4 d5 3. exd5 cxd5 4. Bd3 Nc6 5. c3 Nf6 6. Bf4 Bg4 7. Qb3 Qc8 8. h3
Bh5 9. Nd2 e6 10. Ngf3 Bxf3 11. Nxf3 Be7 12. O-O O-O 13. Rfe1 a6 14. a4 Na5 15.
Qc2 h6 16. Ne5 Nc6 17. Qc1 Nxe5 18. dxe5 Nd7 19. Bxh6 Nc5 20. Bc2 Qd8 21. Bd2 a5
22. Qd1 g6 23. Bh6 Re8 24. Re3 Bg5 25. Bxg5 Qxg5 26. Qf3 Nd7 27. Rd1 Nxe5 28.
Qg3 Qxg3 29. Rxg3 Kg7 30. b3 Rac8 31. Re1 Rxc3 32. Rxc3 {Black resigns} 1-0

[Event "Team 45 45 League T43"]
[Site "Internet Chess Club"]
[Date "2009.10.30"]
[Round "1"]
[White "Folgers"]
[Black "alegro"]
[Result "1-0"]
[WhiteElo "1998"]
[BlackElo "1924"]
[Opening "Trompowsky attack (Ruth, Opocenský opening)"]
[ECO "A45"]
[Time "21:19:47"]
[TimeControl "2700+45"]

1. d4 Nf6 2. Bg5 e6 3. e4 h6 4. Bxf6 Qxf6 5. Nc3 c5 6. e5 Qd8 7. d5 d6 8. Bb5+
Bd7 9. dxe6 Bxb5 10. exf7+ Ke7 11. exd6+ Qxd6 12. Qxd6+ Kxd6 13. Nxb5+ Kc6 14.
c4 a6 15. Nc3 Bd6 16. Nf3 Rf8 17. O-O Rxf7 18. Rad1 Nd7 19. Rfe1 Raf8 20. Re6
{Black resigns} 1-0

[Event "Team 45 45 League T43"]
[Site "Internet Chess Club"]
[Date "2009.11.01"]
[Round "1"]
[White "cesaralexander"]
[Black "TerryMalloy"]
[Result "1-0"]
[WhiteElo "2039"]
[BlackElo "2048"]
[Opening "Benkö gambit half accepted"]
[ECO "A57"]
[Time "21:23:23"]
[TimeControl "2700+45"]

1. d4 Nf6 2. c4 c5 3. d5 b5 4. cxb5 a6 5. b6 e6 6. Nc3 Nxd5 7. Nxd5 exd5 8. Qxd5
Nc6 9. e3 Be7 10. Nf3 O-O 11. Be2 Rb8 12. O-O Rxb6 13. h4 Bb7 14. Qf5 g6 15. Qc2
h5 16. Rd1 d6 17. Bc4 Kg7 18. b3 Bf6 19. Bb2 Nb4 20. Bxf6+ Qxf6 21. Qe2 d5 22.
Bd3 c4 23. bxc4 Nxd3 24. Qxd3 dxc4 25. Qd4 Bxf3 26. gxf3 Rc8 27. Rac1 a5 28. f4
a4 29. Rxc4 Rxc4 30. Qxc4 Qxh4 31. Qd4+ Qf6 32. Qxa4 Ra6 33. Qc4 Qc6 34. Qe2 Qe6
35. Ra1 Qf6 36. Rb1 Qe6 37. Qb2+ Kh7 38. Qb3 Qxb3 39. axb3 Rb6 40. e4 Rb4 41. f3
Kh6 42. Kg2 h4 43. Kh3 g5 44. Kg4 gxf4 45. Kxh4 Kg6 46. Kg4 Kf6 47. Kxf4 Ke6 48.
Ke3 Ke5 49. f4+ Ke6 50. Rb2 f5 51. e5 Re4+ 52. Kf3 Rb4 53. Kg3 Ke7 54. Rd2 Rxb3+
55. Kh4 Rb6 56. Kg5 Ke6 57. Rd6+ Rxd6 58. exd6 Kxd6 59. Kxf5 Ke7 60. Kg6 Kf8 61.
Kf6 Kg8 62. Ke7 {Black resigns} 1-0

[Event "Team 45 45 League T43"]
[Site "Internet Chess Club"]
[Date "2009.11.01"]
[Round "1"]
[White "miazga"]
[Black "Majamutu"]
[Result "1-0"]
[WhiteElo "1969"]
[BlackElo "2007"]
[Opening "Polish (Sokolsky) opening"]
[ECO "A00"]
[Time "14:00:37"]
[TimeControl "2700+45"]

1. b4 Nf6 2. Bb2 g6 3. c4 Bg7 4. Nf3 O-O 5. e3 d5 6. cxd5 Nxd5 7. Bxg7 Kxg7 8.
Qb3 Qd6 9. Nc3 Nxb4 10. Nb5 Qf6 11. Rc1 N4a6 12. d4 c6 13. Nc3 Nc7 14. Ne5 e6
15. h4 Qe7 16. h5 f6 17. hxg6 hxg6 18. Nxg6 Kxg6 19. Bd3+ f5 20. g4 Kg7 21. gxf5
Rh8 22. Ke2 Rxh1 23. Rxh1 Nd5 24. Nxd5 cxd5 25. Rh7+ Kf8 26. Rxe7 Kxe7 27. Qb4+
Kf7 28. fxe6+ Kxe6 29. Qf8 Nd7 30. Bf5# {Black checkmated} 1-0

[Event "Team 45 45 League T43"]
[Site "Internet Chess Club"]
[Date "2009.10.30"]
[Round "1"]
[White "CaoCao"]
[Black "MeanMrMustard"]
[Result "1-0"]
[WhiteElo "1961"]
[BlackElo "1918"]
[Opening "Sicilian: Kan, 5.Bd3"]
[ECO "B42"]
[Time "22:03:18"]
[TimeControl "2700+45"]

1. e4 c5 2. Nf3 e6 3. d4 cxd4 4. Nxd4 a6 5. Bd3 d5 6. e5 Nc6 7. Nxc6 bxc6 8. O-O
c5 9. c4 Ne7 10. Nc3 d4 11. Ne4 Nc6 12. f4 Be7 13. a3 a5 14. Qf3 Bb7 15. Qg4 g6
16. Bd2 a4 17. Rae1 h5 18. Qh3 Ra6 19. Re2 Rg8 20. Rfe1 Na5 21. Nf6+ Bxf6 22.
exf6 Bc8 23. f5 gxf5 24. Qxf5 Kd7 25. Qxh5 Qxf6 26. Rf1 Qh8 27. Rxf7+ Kc6 28.
Qf3+ Kb6 29. Bxa5+ Kxa5 30. Qf4 Rc6 31. Ra7+ Ba6 32. Rh7 {Black resigns} 1-0

[Event "Team 45 45 League T43"]
[Site "Internet Chess Club"]
[Date "2009.10.31"]
[Round "1"]
[White "Pason"]
[Black "BadHabitMarco"]
[Result "1-0"]
[WhiteElo "2118"]
[BlackElo "2002"]
[Opening "QGD semi-Slav"]
[ECO "D43"]
[Time "11:30:25"]
[TimeControl "2700+45"]

1. d4 Nf6 2. Nf3 e6 3. c4 d5 4. Nc3 c6 5. Bg5 h6 6. Bh4 dxc4 7. e4 g5 8. e5 gxh4
9. exf6 b5 10. g3 Qxf6 11. Bg2 Bb7 12. Ne5 Qe7 13. O-O c5 14. d5 Qc7 15. d6 Qb6
16. d7+ {Black resigns} 1-0

[Event "Team 45 45 League T43"]
[Site "Internet Chess Club"]
[Date "2009.11.01"]
[Round "1"]
[White "Paulkov"]
[Black "alastorx"]
[Result "1-0"]
[WhiteElo "2011"]
[BlackElo "1988"]
[Opening "Scandinavian (center counter) defense"]
[ECO "B01"]
[Time "16:30:11"]
[TimeControl "2700+45"]

1. e4 d5 2. exd5 Qxd5 3. Nc3 Qa5 4. d4 Nf6 5. Nf3 Nc6 6. Bb5 Ne4 7. a4 Nxc3 8.
bxc3 a6 9. Bxc6+ bxc6 10. O-O Bg4 11. Qd3 Bf5 12. Qe3 e6 13. c4 Be7 14. Bd2 Bb4
15. c3 Be7 16. c5 Bxc5 17. dxc5 O-O-O 18. c4 Rxd2 19. Qxd2 Qxd2 20. Nxd2 Rd8
{Black resigns} 1-0

[Event "Team 45 45 League T43"]
[Site "Internet Chess Club"]
[Date "2009.11.01"]
[Round "1"]
[White "NFK"]
[Black "koni"]
[Result "0-1"]
[WhiteElo "1708"]
[BlackElo "1985"]
[Opening "Pirc defense"]
[ECO "B07"]
[Time "14:01:47"]
[TimeControl "2700+45"]

1. e4 d6 2. d4 Nf6 3. Nc3 e5 4. dxe5 dxe5 5. Qxd8+ Kxd8 6. Bg5 Be6 7. O-O-O+ Nd7
8. Nf3 Bd6 9. Bb5 Kc8 10. Rhe1 a6 11. Bf1 h6 12. Bh4 Nh5 13. Nd5 g5 14. Bg3 Nf4
15. Bxf4 gxf4 16. Rd3 b6 17. Red1 Kb7 18. Nd2 Nc5 19. Rc3 Bxd5 20. exd5 e4 21.
Nc4 f5 22. Nxd6+ cxd6 23. b4 Na4 24. Rc6 Rhd8 25. Rd4 b5 26. c4 Nb6 27. c5 Nxd5
28. Rxd6 Rxd6 29. cxd6 Kc6 30. Be2 Kxd6 31. Bh5 Ke5 32. Rd2 Nxb4 33. Kb2 Nd3+
34. Rxd3 exd3 {White resigns} 0-1

[Event "Team 45 45 League T43"]
[Site "Internet Chess Club"]
[Date "2009.10.31"]
[Round "1"]
[White "SneakyRed"]
[Black "Egmont"]
[Result "1-0"]
[WhiteElo "1882"]
[BlackElo "1751"]
[Opening "Pirc defense"]
[ECO "B07"]
[Time "15:00:53"]
[TimeControl "2700+45"]

1. e4 d6 2. d4 Nf6 3. Bd3 g6 4. Nf3 c5 5. dxc5 Qa5+ 6. c3 Qxc5 7. Be3 Qh5 8.
Nbd2 Bg7 9. Qb3 O-O 10. Nf1 Nbd7 11. Ng3 Qa5 12. Qc2 Ne5 13. Nxe5 dxe5 14. h3
Bd7 15. O-O Rfd8 16. Rfd1 Ba4 17. b3 Bc6 18. a4 Qc7 19. b4 b6 20. c4 Rac8 21.
Qb3 Nd7 22. a5 bxa5 23. Rxa5 Nb6 24. Rda1 Ra8 25. b5 Bd7 26. c5 Be6 27. Qc2 Nd7
28. b6 Qc6 29. Bb5 Qb7 30. c6 {Black resigns} 1-0

[Event "Team 45 45 League T43"]
[Site "Internet Chess Club"]
[Date "2009.11.02"]
[Round "1"]
[White "Duguesclin"]
[Black "andrew28"]
[Result "1-0"]
[WhiteElo "1731"]
[BlackElo "1710"]
[Opening "King's Indian: Four pawns attack, dynamic line"]
[ECO "E76"]
[Time "16:01:19"]
[TimeControl "2700+45"]

1. d4 Nf6 2. c4 g6 3. Nc3 Bg7 4. e4 d6 5. f4 O-O 6. Nf3 c5 7. d5 e6 8. Bd3 Nbd7
9. O-O a6 10. a4 Rb8 11. a5 b6 12. axb6 Nxb6 13. Qc2 exd5 14. Nxd5 Nfxd5 15.
cxd5 Bg4 16. Rxa6 f5 17. h3 Bxf3 18. Rxf3 c4 19. Bxc4 fxe4 20. Qxe4 Re8 21. Qc2
Rc8 22. b3 Re1+ 23. Kh2 Bd4 24. Qd2 Bg1+ 25. Kg3 Qe7 26. Rxb6 Bxb6 27. Bb2 h5
28. Qc3 Kh7 29. Qf6 Re8 30. f5 Qxf6 31. Bxf6 gxf5 32. Rxf5 Kg6 33. Rf3 R8e3 34.
Bc3 Rxf3+ 35. gxf3 Rg1+ 36. Kf4 Rh1 37. Bd3+ Kf7 38. Bf5 Rd1 39. Ke4 Rb1 40. b4
Rb3 41. Kd3 Rb1 42. Be6+ Ke7 43. f4 Rf1 44. f5 Rf3+ 45. Kc4 Kd8 46. Bf6+ Kc7 47.
h4 Rf4+ 48. Kb5 Bf2 49. Bg5 Rd4 50. f6 Be1 51. Ka4 Rxb4+ 52. Ka3 Rb8 53. f7 Kb6
54. Be7 Kc5 55. f8=Q Rxf8 56. Bxf8 Bxh4 57. Kb3 Bg3 58. Kc3 h4 59. Bh6 Bf2 60.
Bc1 h3 61. Ba3+ Kb5 62. Bxd6 Be1+ 63. Kd3 h2 64. Bxh2 Kc5 65. d6 Ba5 66. d7 Bd8
67. Ke4 Kc6 68. Kf5 Be7 69. Kg6 Bd8 70. Kf7 Ba5 71. Ke8 Kc5 72. Be5 {Black
resigns} 1-0

[Event "Team 45 45 League T43"]
[Site "Internet Chess Club"]
[Date "2009.10.31"]
[Round "1"]
[White "Andressa"]
[Black "MarkNY"]
[Result "0-1"]
[WhiteElo "1503"]
[BlackElo "1670"]
[Opening "Sicilian"]
[ECO "B50"]
[Time "16:59:26"]
[TimeControl "2700+45"]

1. e4 c5 2. Nf3 d6 3. Nc3 g6 4. Bc4 Bg7 5. d4 cxd4 6. Nxd4 Nf6 7. O-O Nc6 8. Be3
O-O 9. Ncb5 a6 10. Nxc6 bxc6 11. Nc3 Rb8 12. Rb1 Qa5 13. Qd2 Ng4 14. h3 Nxe3 15.
Qxe3 Be6 16. Bb3 Rb4 17. a3 Rb7 18. Ne2 Rfb8 19. Nd4 Bxd4 20. Qxd4 Bxb3 21. cxb3
Rxb3 22. Rfc1 c5 23. Qc4 Rxb2 24. Rxb2 Rxb2 25. Ra1 Qd2 26. Rf1 Qe2 27. Qd5 Qb5
28. Qg5 Rb1 29. Rxb1 Qxb1+ 30. Kh2 Qxe4 31. f3 Qe5+ 32. f4 Qxg5 33. fxg5 c4
{White resigns} 0-1

[Event "Team 45 45 League T43"]
[Site "Internet Chess Club"]
[Date "2009.10.30"]
[Round "1"]
[White "vollmerj"]
[Black "mongmong"]
[Result "1-0"]
[WhiteElo "1789"]
[BlackElo "1501"]
[Opening "French: Tarrasch, Botvinnik variation"]
[ECO "C05"]
[Time "19:11:36"]
[TimeControl "2700+45"]

1. e4 e6 2. d4 d5 3. Nd2 Nf6 4. e5 Nfd7 5. c3 b6 6. Bd3 c5 7. Ngf3 Nc6 8. O-O
Bb7 9. a3 Be7 10. b4 cxd4 11. cxd4 Rc8 12. Nb3 Rc7 13. Be3 a6 14. Rc1 Na7 15.
Qe2 Rxc1 16. Rxc1 O-O 17. Bxa6 Bxa6 18. Qxa6 Qb8 19. Qd3 Rc8 20. Rxc8+ Qxc8 21.
Bg5 Bxg5 22. Nxg5 Nf8 23. Qf3 Qc7 24. Qd3 h6 25. Nf3 Nd7 26. Ne1 Nb8 27. Qc2
Qxc2 28. Nxc2 Kf8 29. a4 Ke7 30. Kf1 b5 31. a5 Nbc6 32. Ke2 f6 33. f4 g5 34. g3
gxf4 35. gxf4 fxe5 36. fxe5 Kf7 37. Nc5 Ne7 38. Kd3 Nf5 39. Ne3 Nh4 40. Ng4 Nc6
41. Kc3 Nf5 42. a6 Na7 43. Nf6 Ne7 44. Nh5 Nec6 45. Nf4 Nd8 46. h4 Nc8 47. Nb7
Nc6 48. Nd6+ Nxd6 49. exd6 Na7 50. Nd3 Kf6 51. Ne5 Nc6 52. Nxc6 {Black resigns}
1-0

[Event "Team 45 45 League T43"]
[Site "Internet Chess Club"]
[Date "2009.11.01"]
[Round "1"]
[White "PANAMA-REY"]
[Black "crankn8tr"]
[Result "0-1"]
[WhiteElo "1437"]
[BlackElo "1529"]
[Opening "Sicilian: closed, 2...Nc6"]
[ECO "B23"]
[Time "11:31:11"]
[TimeControl "2700+45"]

1. e4 c5 2. Nc3 Nc6 3. Bb5 Nd4 4. Bc4 g6 5. d3 Bg7 6. Nf3 e6 7. Be3 Ne7 8. Nb5
Nxb5 9. Bxb5 Qa5+ 10. Qd2 Qxb5 11. Rb1 O-O 12. O-O d5 13. h3 Bd7 14. Bh6 Nc6 15.
Bxg7 Kxg7 16. Qg5 f6 17. Qe3 d4 18. Qe2 Qa5 19. a3 Qc7 20. Nh2 e5 21. Qd2 Nd8
22. f4 f5 23. Nf3 exf4 24. Ng5 h6 25. Nf3 Nf7 26. Rbe1 Rae8 27. Rf2 Ne5 28. Qxf4
Nxf3+ 29. Qxf3 fxe4 30. Qe2 Rxf2 31. Qxf2 Rf8 32. Qd2 e3 33. Qe2 Rf2 34. Qd1
{White resigns} 0-1

[Event "Team 45 45 League T43"]
[Site "Internet Chess Club"]
[Date "2009.10.31"]
[Round "1"]
[White "rayonline53"]
[Black "wbanks"]
[Result "1-0"]
[WhiteElo "1586"]
[BlackElo "1579"]
[Opening "Ruy Lopez: Archangelsk (counterthrust) variation"]
[ECO "C78"]
[Time "10:00:29"]
[TimeControl "2700+45"]

1. e4 e5 2. Nf3 Nc6 3. Bb5 a6 4. Ba4 Nf6 5. O-O b5 6. Bb3 Bb7 7. Re1 Bc5 8. c3
d6 9. d4 Bb6 10. Nbd2 O-O 11. Nf1 h6 12. h3 Rb8 13. Bc2 Qe7 14. Ng3 Qd7 15. Be3
Rfe8 16. Qd2 Kh7 17. Rad1 Rbd8 18. Nf5 Rg8 19. Bxh6 exd4 20. Bxg7 {Black
resigns} 1-0